 Dungeon Crawl Stone Soup version 0.19.1-1-g22dce08 (webtiles) character file.

8041 Gargoyl the Protected (level 11, -3/92 HPs)
             Began as a Ghoul Abyssal Knight on Jan 11, 2017.
             Was an Elder of Lugonu.
             Slain by a sky beast (6 damage)
             ... on level 9 of the Dungeon.
             The game lasted 00:19:51 (6948 turns).

Gargoyl the Protected (Ghoul Abyssal Knight)        Turns: 6948, Time: 00:19:53

Health: -3/92      AC: 12    Str: 18    XL:     11   Next: 24%
Magic:  11/15      EV:  8    Int:  7    God:    Lugonu [****..]
Gold:   521        SH:  3    Dex: 10    Spells: 0 memorised, 10 levels left

rFire  + + +     SeeInvis .     y - +7 war axe "Aje Woso" {elec, rF+++}
rCold  + . .     Gourm    .     n - +2 chain mail {rPois}
rNeg   + + +     Faith    .     (no shield)
rPois  ∞         Spirit   .     J - +2 helmet
rElec  .         Reflect  +     (no cloak)
rCorr  .         Harm     .     (no gloves)
MR     .....                    (no boots)
Stlth  ..........               q - +3 amulet of reflection
                                (no ring)
                                (no ring)

@: corroded, rotting
A: rotting body, claws 1, carnivore 3, cold resistance 1, negative energy
resistance 3, slow regeneration 1, torment resistance, unbreathing
a: Depart the Abyss, Bend Space, Banish, Corrupt, Renounce Religion


You were on level 9 of the Dungeon.
You worshipped Lugonu.
Lugonu was greatly pleased with you.
You were not hungry.

You visited 1 branch of the dungeon, and saw 9 of its levels.
You visited the Abyss 1 time.

You collected 521 gold pieces.

Inventory:

Hand Weapons
 j - a +0 war axe
 y - the +7 war axe "Aje Woso" (weapon) {elec, rF+++}
   (You found it on level 6 of the Dungeon)

   Occasionally, upon striking a foe, it will discharge some electrical energy
   and cause terrible harm.
   It renders you almost immune to fire.
 z - a +2 hand axe of chopping
Missiles
 E - 5 javelins (quivered)
Armour
 n - a +2 chain mail of poison resistance (worn)
 J - a +2 helmet (worn)
Jewellery
 g - an uncursed amulet of harm {unknown}
 q - a +3 amulet of reflection (around neck)
Wands
 d - a wand of paralysis (12/24)
 f - a wand of acid (15/15)
 h - a wand of random effects (12/48)
 x - a wand of iceblast (5/15)
 C - a wand of paralysis (13/24)
Scrolls
 a - 2 scrolls of magic mapping
 i - 6 scrolls of remove curse
 k - 2 scrolls of blinking
 u - 3 scrolls of amnesia
 G - a scroll of recharging
 I - 2 scrolls of identify
Potions
 b - 2 potions of cancellation {unknown}
 e - 2 potions of lignification {unknown}
 l - a potion of heal wounds {unknown}
 m - 2 potions of agility {unknown}
 o - 2 potions of flight {unknown}
 p - a potion of berserk rage
 r - 2 potions of haste
 s - 2 potions of invisibility {unknown}
 w - a potion of degeneration {unknown}
 A - 2 potions of brilliance {unknown}
 F - 2 potions of curing
Books
 v - a book of Cantrips

   Spells                             Type                      Level
   a - Confusing Touch                Hexes                        1
   b - Animate Skeleton               Necromancy                   1
   c - Summon Small Mammal            Summoning                    1
   d - Apportation                    Translocation                1
 B - a book of Conjurations

   Spells                             Type                      Level
   a - Magic Dart                     Conjuration                  1
   b - Searing Ray                    Conjuration                  2
   c - Dazzling Spray                 Conjuration/Hexes            3
   d - Fulminant Prism                Conjuration/Hexes            4
   e - Iskenderun's Mystic Blast      Conjuration                  4
   f - Iskenderun's Battlesphere      Conjuration/Charms           5
 H - a book of Debilitation

   Spells                             Type                      Level
   a - Corona                         Hexes                        1
   b - Slow                           Hexes                        2
   c - Gell's Gravitas                Hexes/Translocation          3
   d - Inner Flame                    Hexes/Fire                   3
   e - Cause Fear                     Hexes                        4
   f - Leda's Liquefaction            Hexes/Earth                  4
Comestibles
 c - 6 meat rations
 t - a slice of pizza
 D - 3 chunks of flesh
 K - 7 royal jellies


   Skills:
 + Level 7.4 Fighting
 + Level 7.8(8.5) Axes
   Level 5.0(7.1) Maces & Flails
 + Level 0.3 Throwing
 * Level 9.3 Armour
 + Level 2.6 Dodging
 * Level 7.9 Invocations


You had 10 spell levels left.
You didn't know any spells.

Dungeon Overview and Level Annotations

Branches:
Dungeon (9/15)             Temple (0/1) D:7
   Lair: D:8-11         Orc: D:9-12

Altars:
Ashenzari
Cheibriados
Dithmenos
Fedhas
Gozag
Nemelex Xobeh
Qazlal
Uskayaw
Vehumet

Shops:
D:6 *


Innate Abilities, Weirdness & Mutations

Your body is rotting away.
You thrive on raw meat.
You are immune to poison.
You have sharp fingernails.
You are carnivorous and can eat meat at any time.
Your flesh is cold resistant. (rC+)
You are immune to negative energy. (rN+++)
You regenerate slowly when monsters are visible.
You are immune to unholy pain and torment.
You can survive without breathing.


Message History

* * * LOW HITPOINT WARNING * * *
The jelly is heavily wounded.
You slash the sky beast! The jelly hits you but does no damage.
The sky beast barely misses you. The jelly hits you but does no damage.
Unknown command.
You hit the jelly. The acid corrodes you!
Your claws burn!
* * * LOW HITPOINT WARNING * * *
The jelly is severely wounded.
You hit the sky beast.
The sky beast hits you but does no damage.
The jelly barely misses you.
Unknown command.
Eat one of 3 chunks of flesh? (ye/n/q)
You start eating one of the 3 chunks of flesh.
The sky beast flickers out of sight!
Deactivating autopickup; reactivate with Ctrl-A.
Something hits you.
* * * LOW HITPOINT WARNING * * *
Something shocks you.
You die...

..####..#
..#####.# ##
..##.#### .#
..#.#.## ..#
#....#.## ..
........# ###.#
.###.#### #.§§# .#
#.# #J{# .# #.#
#@# .###.# #.#
.>...# #.# .#####
#.# ## #.#
################.#
.................#
##################


You could see a jelly.

Vanquished Creatures
  The ghost of alp the Zephyrmancer, a novice TeAE (D:6)
  A queen bee (D:9)
  Prince Ribbit (D:7)
  Grinder (D:6)
  A hippogriff (D:9)
  11 yaks (D:9)
  Sigmund (D:6)
  2 wyverns
  A hungry ghost (D:9)
  Edmund (D:5)
  A black bear (D:7)
  3 orc warriors
  3 phantoms
  3 sky beasts (D:7)
  An ice beast (D:4)
  A necrophage (D:8)
  5 ogres
  4 centaurs
  3 bullfrogs
  5 scorpions
  14 killer bees (D:9)
  3 crimson imps
  A quasit (D:7)
  2 jellies
  3 orc priests
  2 bullfrog zombies
  5 hounds
  A bullfrog skeleton (D:7)
  2 iguanas
  7 worker ants
  10 orc wizards
  2 hound skeletons
  A worker ant zombie (D:5)
  A howler monkey zombie (D:9)
  4 gnolls (D:8)
  10 adders
  2 shadow imps
  An ooze (D:2)
  2 worms
  6 dart slugs
  6 leopard geckos
  44 orcs
  2 giant cockroaches
  9 goblins
  8 hobgoblins
  2 jackals (D:3)
  6 kobolds
  4 quokkas
  3 ball pythons
  4 bats
  5 frilled lizards
  A jackal skeleton (D:6)
  A jackal zombie (D:8)
  A leopard gecko skeleton (D:7)
  A quokka zombie (D:6)
  9 rats
235 creatures vanquished.

Vanquished Creatures (others)
  A manticore (D:9)
  2 killer bees
3 creatures vanquished.

Grand Total: 238 creatures vanquished

Notes
Turn   | Place    | Note
-------+----------+-------------------------------------------
     0 | Abyss:1  | Gargoyl the Ghoul Abyssal Knight began the quest for the Orb.
     0 | Abyss:1  | Reached XP level 1. HP: 19/19 MP: 1/1
    77 | Abyss:2  | Found a corrupted altar of Lugonu.
   124 | Abyss:2  | Noticed a naga mage
   223 | Abyss:5  | Entered Level 5 of the Abyss
   236 | Abyss:5  | Noticed a ynoxinul
   236 | Abyss:5  | Noticed a tentacled starspawn
   236 | Abyss:5  | Noticed a sun demon
   238 | D:1      | Escaped the Abyss
   284 | D:1      | Reached skill level 2 in Armour
   317 | D:1      | Reached XP level 2. HP: 25/26 MP: 2/2
   363 | D:1      | Reached * piety under Lugonu
   363 | D:1      | Reached skill level 1 in Dodging
   772 | D:2      | Reached XP level 3. HP: 33/33 MP: 3/3
   885 | D:2      | Found a snail-covered altar of Cheibriados.
   994 | D:2      | Reached XP level 4. HP: 36/40 MP: 4/4
  1461 | D:3      | Reached ** piety under Lugonu
  1551 | D:3      | Reached XP level 5. HP: 27/47 MP: 5/5
  1665 | D:3      | Reached skill level 1 in Maces & Flails
  1804 | D:3      | Reached skill level 3 in Armour
  1974 | D:4      | Reached XP level 6. HP: 50/53 MP: 7/7
  1987 | D:4      | Found a stormy altar of Qazlal.
  2097 | D:4      | Found a radiant altar of Vehumet.
  2333 | D:5      | Entered Level 5 of the Dungeon
  2333 | D:5      | Noticed a phantom
  2338 | D:5      | Noticed an ice beast
  2382 | D:4      | HP: 1/53 [ice beast (7)]
  2505 | D:4      | Killed an ice beast
  2505 | D:4      | Reached *** piety under Lugonu
  2505 | D:4      | Reached XP level 7. HP: 6/59 MP: 8/8
  2815 | D:5      | Reached skill level 4 in Armour
  2890 | D:5      | Found a sparkling altar of Nemelex Xobeh.
  3063 | D:5      | Noticed Edmund
  3091 | D:5      | Killed Edmund
  3091 | D:5      | Reached skill level 5 in Fighting
  3166 | D:5      | Reached XP level 8. HP: 60/65 MP: 9/9
  3180 | D:5      | Reached skill level 5 in Armour
  3856 | D:6      | Found Tauves's Assorted Antiques.
  3901 | D:6      | Noticed Grinder
  3948 | D:5      | Reached skill level 5 in Maces & Flails
  3994 | D:6      | Got a crystal war axe
  3995 | D:6      | Identified the +7 war axe "Aje Woso" {elec, rF+++} (You found it on level 6 of the Dungeon)
  4033 | D:6      | Found a shadowy altar of Dithmenos.
  4035 | D:6      | Noticed alp's ghost (novice TeAE)
  4060 | D:6      | Killed alp's ghost
  4060 | D:6      | Reached skill level 6 in Armour
  4060 | D:6      | Reached skill level 5 in Invocations
  4060 | D:6      | Reached XP level 9. HP: 46/75 MP: 3/12
  4171 | D:6      | Noticed Sigmund
  4179 | D:6      | Killed Sigmund
  4273 | D:6      | Killed Grinder
  4273 | D:6      | Reached skill level 7 in Armour
  4292 | D:6      | Found a hide-covered altar of Uskayaw.
  4626 | D:7      | Found a staircase to the Ecumenical Temple.
  4683 | D:7      | Reached **** piety under Lugonu
  4799 | D:7      | Reached skill level 5 in Axes
  4799 | D:7      | Reached XP level 10. HP: 82/83 MP: 13/13
  4885 | D:7      | Noticed Prince Ribbit
  4909 | D:7      | Killed Prince Ribbit
  5490 | D:8      | Reached skill level 8 in Armour
  5517 | D:8      | Found a shattered altar of Ashenzari.
  5599 | D:8      | Found a blossoming altar of Fedhas.
  6514 | D:9      | Reached skill level 9 in Armour
  6523 | D:9      | Reached XP level 11. HP: 63/91 MP: 15/15
  6626 | D:9      | Reached ***** piety under Lugonu
  6713 | D:9      | Found an opulent altar of Gozag.
  6936 | D:9      | Noticed a manticore
  6945 | D:9      | Banished a manticore
  6948 | D:9      | HP: 3/92 [something (3)]
  6948 | D:9      | Slain by a sky beast

Skill      XL: |  1  2  3  4  5  6  7  8  9 10 11 |
---------------+----------------------------------+-----
Armour         | 2 3 4 6 7 9 |  9.3
Dodging        | 1 2 |  2.6
Axes           | 2 5 7 |  7.8
Fighting       | 4 5 6 7 |  7.4
Maces & Flails | 2 3 4 5 |  5.0
Invocations    | 3 5 6 7 |  7.9
Throwing       | |  0.3

Action                   |  1- 3 |  4- 6 |  7- 9 | 10-12 || total
-------------------------+-------+-------+-------+-------++-------
Melee: Whip              |    55 |   165 |   137 |       ||   357
       War axe           |       |       |    77 |   261 ||   338
Throw: Tomahawk          |       |     1 |     3 |       ||     4
Invok: Depart the Abyss  |     1 |       |       |       ||     1
       Bend Space        |       |     1 |       |       ||     1
       Banish            |       |       |     2 |     3 ||     5
Evoke: Wand              |       |       |     1 |       ||     1
  Use: Scroll            |     4 |     3 |     7 |     3 ||    17
       Potion            |       |     4 |       |     2 ||     6
  Eat: Chunk             |     9 |    21 |    42 |    41 ||   113
       Meat ration       |       |       |     1 |       ||     1
Armor: Leather armour    |    11 |       |       |       ||    11
       Chain mail        |    14 |   106 |   106 |   180 ||   406
Dodge: Dodged            |    18 |    61 |    60 |   125 ||   264
Block: Other             |     2 |    13 |    23 |    31 ||    69
       Reflection        |       |       |     2 |       ||     2
